Match 20175046
Unlisted

Match 20175046
End
Panzergrenadier Squad
Kradschützen Motorcycle Team
250 Light Carrier
Panzergrenadier Squad
Construct Light Support Kompanie
Fire Support Elements
Assault Grenadier Squad
Panzerjäger Mechanized Group
Vehicle Survival Package
2.5-tonne Medical Truck
Selects Italian Infantry
Pak 38 Anti-tank Gun Team
Selects Guastatori Squad
Selects L6/40 Light Tank Combat Group
Pak 38 Anti-tank Gun Team
Construct Mechanized Kompanie
Marder III Tank Destroyer
Marder III Tank Destroyer
Selects Defensive Operations
Selects Territory Booby Traps
Mai3
tiagojpinto94
0
0

Comments sign in to comment!

No comments posted yet!